AoeStats
← PaulSorin93

Arabia

508086694Analyzed
1v1 RM · 13d ago on Sep 20, 2026· 52m 41s· 2 players
Game mode
Random Map
Map size
Tiny (2 player)
Population
200
Speed
Normal
Resources
Standard
Victory
Conquest
Starting age
Dark Age
Ending age
Imperial Age
RankedLock teamsTeams togetherTeam positionsShared explorationLock speedFull tech treeHidden civsTurbo modeCheats
Victory
Defeat
🇷🇴 Persians · Romania
835
+16
🇫🇷 Mongols · France
833
-32
Hyarros
7:00 Loom
9:44 Feudal Age
10:19 Horse Collar
14:55 Double-Bit Axe
16:53 Bloodlines
17:08 Forging
23:31 Castle Age
22:15 Scale Barding Armor
30:59 Husbandry
34:03 Pikeman
36:26 Squires
39:20 Imperial Age
37:33 Wheelbarrow
36:44 Town Watch
40:15 Elite Steppe Lancer
51:18 Iron Casting
50:44 Scale Mail Armor
PaulSorin93
7:04 Loom
10:12 Feudal Age
17:11 Castle Age
15:22 Double-Bit Axe
16:52 Horse Collar
18:27 Town Watch
26:05 Wheelbarrow
34:49 Scale Barding Armor
35:27 Bloodlines
35:40 Heavy Plow
37:43 Chain Barding Armor
38:05 Hand Cart
39:06 Forging
43:31 Imperial Age
41:45 Gold Mining
42:12 Bow Saw
44:30 Plate Barding Armor
44:30 Iron Casting
44:11 Citadels
45:27 Conscription
44:57 Elite War Elephant
Connection lost

Rejoining the realm…

Still unreachable

The connection could not be restored.

Session expired

The server has moved on; the page needs a fresh start.